Map: Acid Plant LE

Players

Semper

  • Race: Terran Terran
  • Spawn Location: 5:00

HeroMarine - Winner!

  • Race: Terran Terran
  • Spawn Location: 11:00

Event: WCS Montreal 2018

VOD

Have the link to the VOD?

Description

Time

  • Played on: Sept. 8, 2018, 2:58 p.m.
  • Length: 12:54

All games in this series

Show
View Real Time Build Order
Export as new Build Order

Semper Terran 

Build Orders: Cyclone Opening, MMM Bio 

Get SALT Encoding   

  12  0:00  SCV  
  13  0:12  SCV  
  14  0:17  Supply Depot  
  14  0:25  SCV  
  14  0:28  Refinery  
  15  0:39  SCV  
  16  0:45  Barracks  
  16  0:51  SCV  
  16  0:55  Refinery  
  17  1:03  SCV  
  18  1:15  SCV  
  19  1:31  Orbital Command  
  19  1:32  Reaper  
  20  1:37  Factory  
  20  1:45  Supply Depot  
  20  1:57  SCV  
  21  2:04  Reaper  
  22  2:10  SCV  
  23  2:20  Cyclone  
  23  2:22  SCV  
  27  2:33  Command Center  
  27  2:35  SCV  
  28  2:38  Barracks Reactor  
  28  2:44  Supply Depot  
  28  2:48  SCV  
  29  2:58  Hellion  
  32  3:05  SCV  
  32  3:17  SCV  
  33  3:28  Cyclone x2  
  39  3:39  Barracks Tech Lab  
  39  3:44  SCV  
  39  3:47  Orbital Command  
  40  3:56  SCV  
  40  3:58  Marine  
  40  3:59  Stimpack, Supply Depot  
  42  4:04  Cyclone  
  42  4:08  SCV  
  46  4:15  SCV  
  46  4:20  SCV  
  42  4:27  Marine  
  42  4:28  SCV  
  42  4:31  Cyclone  
  47  4:33  SCV  
  47  4:36  Command Center  
  48  4:40  SCV  
  48  4:45  SCV  
  50  4:52  Cyclone, SCV  
  54  4:56  Marine  
  54  4:57  SCV  
  54  4:59  Supply Depot  
  56  5:04  SCV  
  57  5:09  SCV  
  57  5:10  Bunker  
  58  5:14  Marine  
  58  5:16  SCV  
  58  5:17  Barracks  
  58  5:19  Barracks  
  58  5:21  SCV  
  61  5:28  SCV  
  54  5:32  Marine  
  54  5:33  SCV  
  50  5:40  SCV  
  48  5:45  SCV  
  49  5:50  Orbital Command  
  49  5:52  SCV  
  49  5:56  Marine  
  51  5:57  SCV  
  51  6:01  Factory Reactor  
  52  6:04  Combat Shield, SCV  
  52  6:06  Barracks Reactor  
  52  6:09  SCV  
  52  6:10  Starport  
  54  6:15  Engineering Bay  
  54  6:16  SCV  
  55  6:21  SCV  
  55  6:22  SCV, Marine  
  58  6:26  Marine x2  
  58  6:29  SCV  
  61  6:33  SCV  
  61  6:34  SCV  
  61  6:38  Liberator  
  63  6:40  Marine  
  63  6:41  SCV  
  63  6:44  Marine  
  63  6:46  Marauder, SCV  
  68  6:50  Orbital Command  
  68  6:53  SCV  
  68  6:54  Refinery x2, Engineering Bay  
  69  6:56  Factory Tech Lab  
  69  6:58  SCV  
  73  7:01  Marine x2  
  73  7:02  Marine  
  73  7:04  Marine  
  73  7:05  SCV  
  73  7:07  Supply Depot  
  78  7:10  SCV  
  79  7:17  Marauder, SCV  
  79  7:18  SCV  
  79  7:19  Marine  
  84  7:28  SCV, Viking  
  87  7:33  Marine  
  87  7:34  SCV x2  
  75  7:38  Marauder, Viking  
  75  7:42  SCV  
  80  7:46  Siege Tank, SCV  
  80  7:50  Marine x2  
  86  7:52  SCV  
  86  7:55  Terran Infantry Weapons Level 1  
  88  7:58  SCV  
  88  7:59  SCV  
  88  8:00  Barracks x2  
  88  8:01  Marauder  
  88  8:02  Refinery  
  88  8:05  Concussive Shells  
  91  8:15  SCV  
  92  8:21  Marine  
  92  8:23  Marine  
  93  8:34  Supply Depot x2  
  93  8:35  Siege Tank, SCV x3, Marine, Viking  
  93  8:36  Marauder  
  93  8:38  Terran Infantry Armor Level 1  
  101  8:45  Refinery  
  101  8:48  Marine  
  101  8:49  Supply Depot  
  101  8:53  Marine  
  101  8:54  SCV  
  101  8:55  SCV x2, Viking  
  101  8:57  Marauder, Marine  
  101  9:01  Barracks Tech Lab x2  
  93  9:05  Viking  
  93  9:06  SCV  
  93  9:07  Siege Tank  
  93  9:08  SCV x2  
  93  9:09  Marine x2  
  103  9:11  Marine  
  103  9:14  Marine  
  103  9:16  Liberator  
  105  9:18  Marauder, Starport x2  
  105  9:19  SCV  
  105  9:20  Marauder x2, SCV x2  
  105  9:21  Supply Depot  
  114  9:31  Armory, SCV, Marine x2  
  115  9:32  SCV x2  
  122  9:40  Marauder  
  122  9:42  Viking  
  122  9:43  SCV  
  122  9:44  SCV  
  128  9:45  Supply Depot  
  128  9:46  Marauder, Supply Depot  
  128  9:49  Marauder  
  128  9:52  Marine  
  133  9:59  Marine  
  133  10:00  Siege Tank, Supply Depot  
  133  10:03  Marine  
  133  10:04  Marauder  
  133  10:05  Starport Reactor  
  133  10:06  Starport Tech Lab  
  140  10:08  Marauder  
  140  10:11  Fusion Core  
  142  10:18  Command Center  
  142  10:19  Marine  
  142  10:20  Marine  
  144  10:25  Marine  
  144  10:26  Marauder x2  
  144  10:28  Liberator  
  147  10:34  Marauder, Marine  
  150  10:37  Marine  
  150  10:38  Terran Infantry Weapons Level 2  
  150  10:42  Viking x2  
  155  10:47  Marauder  
  155  10:49  Viking  
  162  10:55  Siege Tank  
  164  11:01  Refinery, Advanced Ballistics  
  164  11:05  Refinery  
  164  11:06  Marine  
  164  11:08  Supply Depot  
  165  11:24  Missile Turret  
  165  11:25  Missile Turret, Liberator  
  165  11:29  Marine x3, Viking x2  
  165  11:30  Marauder x2  
  165  11:32  Planetary Fortress  
  176  11:37  SCV x3  
  178  11:40  Viking  
  178  11:42  Liberator  
  183  11:49  SCV  
  184  11:57  Viking  
  184  12:00  Marine  
  184  12:01  Marauder, Marine  
  146  12:04  Marine  
  146  12:05  Siege Tank, Marine  
  146  12:06  Marine x2  
  146  12:08  SCV  
  129  12:16  SCV  
  129  12:18  Marine  
  129  12:19  Marine  
  129  12:22  Marine x2  
  131  12:23  Marine x3  
  131  12:24  Sensor Tower  
  134  12:32  Factory  
  134  12:36  Marine  
Show
View Real Time Build Order
Export as new Build Order

HeroMarine Terran - Winner!

Build Orders: Gas First Reaper Expand, Liberator Opening, Reaper Expand, Mech 

Get SALT Encoding   

  12  0:00  SCV  
  13  0:12  SCV  
  14  0:17  Supply Depot  
  14  0:24  SCV  
  14  0:27  Refinery  
  15  0:38  SCV  
  16  0:44  Barracks  
  16  0:50  SCV  
  17  1:03  SCV  
  18  1:15  SCV  
  19  1:30  Orbital Command  
  19  1:31  Reaper  
  20  1:41  Command Center  
  20  1:53  Factory  
  20  1:56  SCV  
  21  2:05  Barracks Reactor  
  21  2:08  SCV  
  21  2:11  Supply Depot  
  21  2:14  Refinery  
  22  2:20  SCV  
  23  2:33  SCV  
  24  2:42  Starport  
  28  2:44  Hellion x2  
  28  2:46  SCV  
  29  2:53  Orbital Command  
  29  2:58  SCV  
  29  3:03  Liberator  
  32  3:05  Hellion  
  32  3:07  Hellion  
  34  3:14  SCV  
  34  3:19  SCV  
  36  3:26  SCV  
  40  3:27  Supply Depot  
  40  3:35  Hellion x2  
  40  3:37  SCV  
  40  3:38  SCV  
  46  3:50  SCV  
  46  3:51  SCV  
  48  3:57  Supply Depot  
  48  3:59  Cyclone  
  51  4:03  Medivac  
  53  4:11  SCV  
  53  4:14  SCV  
  53  4:18  Cyclone  
  53  4:19  Command Center  
  53  4:26  SCV x2  
  55  4:35  Starport Tech Lab  
  55  4:38  SCV  
  55  4:39  SCV  
  57  4:48  Refinery x2  
  57  4:50  SCV  
  57  4:51  SCV, Factory  
  59  4:53  Factory  
  61  5:03  SCV x2  
  61  5:07  Supply Depot  
  61  5:12  Barracks Tech Lab  
  61  5:13  Armory  
  61  5:15  SCV  
  61  5:16  SCV  
  59  5:27  SCV  
  58  5:28  SCV  
  57  5:39  SCV  
  57  5:41  SCV  
  55  5:44  Factory Tech Lab  
  55  5:46  Orbital Command  
  55  5:51  Armory, SCV  
  55  5:53  SCV  
  55  5:55  Siege Tank  
  60  6:02  Hellion x2  
  60  6:03  Siege Tank, SCV  
  68  6:05  SCV  
  68  6:07  Terran Vehicle Weapons Level 1  
  68  6:08  Orbital Command  
  68  6:09  Barracks Reactor  
  69  6:12  Orbital Command  
  69  6:15  SCV  
  69  6:27  Siege Tank, SCV  
  69  6:34  SCV  
  69  6:39  Siege Tank, SCV  
  70  6:40  Orbital Command  
  70  6:46  SCV  
  71  6:49  Hellion x2  
  71  6:51  SCV  
  76  6:58  SCV, Terran Vehicle And Ship Armor Level 1  
  77  7:04  SCV  
  77  7:07  Engineering Bay x2  
  78  7:09  SCV  
  78  7:10  SCV  
  80  7:16  SCV, Hellion x4  
  80  7:21  Siege Tank  
  85  7:23  Orbital Command  
  85  7:27  SCV  
  85  7:30  Siege Tank, Supply Depot x2  
  85  7:32  SCV  
  86  7:39  Barracks Tech Lab, Terran Infantry Weapons Level 1, SCV  
  86  7:41  Terran Infantry Armor Level 1  
  88  7:44  SCV  
  88  7:47  Hellion x2  
  92  7:51  SCV, Viking  
  92  7:52  Refinery  
  92  7:56  SCV  
  92  7:57  Refinery, Missile Turret x2  
  92  7:58  Missile Turret  
  96  7:59  Stimpack, SCV  
  96  8:03  SCV  
  98  8:08  Missile Turret, SCV  
  98  8:11  SCV  
  100  8:13  Siege Tank  
  100  8:15  SCV  
  100  8:17  Hellion  
  100  8:19  Hellion  
  108  8:20  SCV  
  108  8:23  SCV  
  108  8:26  Sensor Tower  
  110  8:28  SCV  
  110  8:30  Hellion  
  110  8:32  SCV  
  110  8:35  SCV  
  110  8:37  Viking  
  110  8:40  SCV, Viking  
  115  8:44  SCV  
  115  8:47  SCV  
  117  8:52  SCV  
  115  8:58  Siege Tank  
  115  9:00  Barracks  
  115  9:01  Barracks  
  115  9:02  Barracks  
  117  9:05  Hellion  
  117  9:06  Barracks  
  117  9:08  Missile Turret  
  116  9:11  Viking  
  116  9:12  Viking  
  116  9:13  Barracks  
  116  9:16  Factory Tech Lab  
  120  9:19  SCV x3, Barracks  
  123  9:24  Sensor Tower  
  123  9:28  Marine  
  124  9:40  Supply Depot x2, Hellion x4  
  124  9:41  Viking  
  124  9:42  Terran Infantry Weapons Level 2, Viking  
  124  9:44  Terran Infantry Armor Level 2  
  128  9:50  Barracks Reactor x3  
  128  9:54  Barracks Reactor  
  128  9:59  Combat Shield  
  128  10:02  Command Center  
  128  10:06  Terran Vehicle Weapons Level 2  
  128  10:07  Terran Vehicle And Ship Armor Level 2  
  128  10:11  Marine x3  
  128  10:13  SCV x2  
  133  10:15  SCV  
  133  10:19  Supply Depot  
  134  10:26  Siege Tank  
  134  10:27  Siege Tank, Marine  
  141  10:29  Marine  
  141  10:31  Marine x6  
  141  10:32  Marine  
  141  10:35  Marine x2  
  149  10:38  Supply Depot  
  145  10:43  Supply Depot  
  145  10:44  Marine, Barracks Reactor  
  145  10:46  Marine, Medivac x2  
  145  10:48  Siege Tank  
  154  10:52  Marine x3  
  157  10:59  Marine x6  
  157  11:02  Marine  
  164  11:04  Marine  
  164  11:06  Siege Tank x2  
  164  11:10  Marine x2  
  173  11:13  Marine  
  173  11:17  Marine  
  173  11:20  Siege Tank  
  173  11:21  Marine x7  
  183  11:31  Medivac x2  
  187  11:42  Marine  
  188  11:47  Planetary Fortress  
  188  11:55  Refinery, Marine x4  
  188  11:56  Siege Tank  
  188  11:58  Refinery, Marine x3  
  166  12:01  Marine x2  
  166  12:06  Siege Tank  
  166  12:07  Marine x2  
  160  12:10  Marine x2  
  160  12:13  Marine x3  
  160  12:14  Medivac  
  155  12:15  Medivac  
  155  12:17  Siege Tank  
  155  12:18  Marine  
  155  12:19  Marine x5  
  166  12:24  Marine  
  166  12:25  SCV x2, Marine  
  166  12:26  SCV x2  
  166  12:28  Marine x2  
  177  12:31  Marine x3  
  177  12:36  Marine  
Tags
 
Add a new tag
Caveats
  • Supply blocks, unpowered buildings, or Contaminate may cause inaccurate times.
  • Supply counts are checked every 10 seconds.